 Dungeon Crawl Stone Soup version 0.29-a0-962-gc8bbfd0a37 (webtiles) character file.

Game seed: 4526465494478269141

926 Gwenloh the Chopper (level 7, 0/56 HPs)
             Began as a Demonspawn Gladiator on July 30, 2022.
             Slain by a green very ugly thing (14 damage)
             ... on level 1 of the Abyss.
             The game lasted 00:14:41 (5162 turns).

Gwenloh the Chopper (Demonspawn Gladiator)          Turns: 5162, Time: 00:14:42

Health: 0/56       AC: 15    Str: 14    XL:     7   Next: 85%
Magic:  10/10      EV: 27    Int: 17    God:
Gold:   161        SH:  0    Dex: 15    Spells: 7/10 levels left

rFire   . . .      SeeInvis .   a - +0 war axe
rCold   . . .      Faith    .   (no shield)
rNeg    . . .      Spirit   .   v - +0 ring mail
rPois   .          Reflect  .   c - +0 helmet
rElec   .          Harm     .   (no cloak)
rCorr   .          Rampage  .   (no gloves)
Will    .....                   (no boots)
Stlth   +.........              k - amulet of the acrobat
HPRegen 0.00/turn               u - +6 ring of intelligence
MPRegen 0.12/turn               (no ring)

@: sanguine armoured, acrobatic, sick
A: demonic guardian 1, sanguine armour 2, demonic magic 1, demonic touch 1
a: no special abilities


You were on level 1 of the Abyss.
You visited 1 branch of the dungeon, and saw 5 of its levels.
You visited the Abyss 1 time.

You collected 161 gold pieces.

Inventory:

Hand Weapons
 a - a +0 war axe (weapon)
Missiles
 d - 3 throwing nets
 e - a javelin
 g - 35 stones
 B - 6 boomerangs (quivered)
Armour
 c - a +0 helmet (worn)
 v - a +0 ring mail (worn)
 y - +0 ice dragon scales
Jewellery
 k - an amulet of the acrobat (around neck)
 u - a +6 ring of intelligence (left hand)
 A - an amulet of guardian spirit
Wands
 C - a wand of polymorph (8)
 D - a wand of flame (17)
Scrolls
 i - a scroll of butterflies {unknown}
 l - 2 scrolls of identify {unknown}
 m - 2 scrolls of noise {unknown}
 n - 2 scrolls of magic mapping {unknown}
 o - a scroll of immolation {unknown}
 p - 2 scrolls of torment {unknown}
 w - a scroll of silence {unknown}
 x - 2 scrolls of poison {unknown}
Potions
 b - a potion of magic {unknown}
 f - 2 potions of attraction {unknown}
 h - 4 potions of haste {unknown}
 j - a potion of heal wounds {unknown}
 q - a potion of mutation {unknown}
 r - 2 potions of curing {unknown}
 s - a potion of invisibility {unknown}
 t - a potion of berserk rage {unknown}
 z - a potion of brilliance {unknown}
 E - a potion of might {unknown}
 F - a potion of lignification {unknown}


   Skills:
 * Level 5.0 Fighting
 * Level 5.1 Axes
 - Level 2.5 Throwing
 + Level 2.2 Armour
 - Level 3.5 Dodging
 + Level 2.3 Spellcasting
 + Level 2.5 Hexes


You had 7 spell levels left.
You knew the following spells:

 Your Spells              Type           Power      Damage    Failure   Level
a - Tukima's Dance        Hex            10%        N/A       36%         3

Your spell library contained the following spells:

 Spells                   Type           Power      Damage    Failure   Level
 Sting                    Tmut/Pois      8%         1d3       36%         1
 Summon Small Mammal      Summ           8%         N/A       36%         1
 Poisonous Vapours        Pois/Air       4%         N/A       50%         2
 Portal Projectile        Hex/Tloc       12%        N/A       54%         3
 Summon Guardian Golem    Hex/Summ       6%         N/A       54%         3
 Call Canine Familiar     Summ           2%         N/A       73%         3
 Airstrike                Air            1%         0-2+      98%         4
 Olgreb's Toxic Radiance  Pois           2%         N/A       98%         4
 Summon Lightning Spire   Summ/Air       2%         N/A       98%         4
 Blade Hands              Tmut           1%         N/A       100%        5
 Lightning Bolt           Conj/Air       1%         1d12      100%        5


Dungeon Overview and Level Annotations

Branches:
Dungeon (5/15)
 Temple: D:4-7

Altars:

Shops:
D:4 =


Innate Abilities, Weirdness & Mutations

A weak demonic guardian rushes to your aid.
When seriously injured, your blood forms thick armour. (AC +9)
Spells you cast may paralyse adjacent enemies.
Your touch may inflict minor irresistible damage on your foes.


Message History

An orange demon is nearby!
An orange demon is nearby!
An orange demon is nearby!
An orange demon is nearby!
The orange demon screeches!
A thrashing horror comes into view.
The thrashing horror moves out of view.
The blink frog croaks.
You hear a croak.
You hear a loud, deep croak!
The blink frog blinks!
A blink frog comes into view.
A bone dragon comes into view.
A wraith comes into view.
The blink frog blinks!
The blink frog blinks!
An ancient zyme comes into view.
You feel yourself growing ill in the presence of the ancient zyme.
An iron imp comes into view.
The blink frog blinks!
The iron imp shouts, "Return whence thou came, thou feckless fool-headed hugger-mugger!"
A green very ugly thing comes into view.
You feel ill.
The green very ugly thing moves out of view.
The blink frog blinks!
The green very ugly thing attacks as you move away!
The green very ugly thing claws you!!
Your blood congeals into armour.
The green very ugly thing barely misses you.
The iron imp shouts, "Scamper away, thou defiled sow-suckled hedge-pig!"
The green very ugly thing attacks as you move away!
The green very ugly thing claws you but does no damage.
The green very ugly thing attacks as you move away!
The green very ugly thing misses you.
The green very ugly thing attacks as you move away!
The green very ugly thing closely misses you.
The green very ugly thing attacks as you move away!
The green very ugly thing claws you!!
* * * LOW HITPOINT WARNING * * *
An ufetubus comes into view.
The ufetubus shouts!
You hear a horrible gurgling sound!
The green very ugly thing attacks as you move away!
The green very ugly thing claws you!
You die...

. # #F..#
#####.#.##.. #
..5..#....###.#
...#..##...# #
#.....## .# .
#.##.#.##
#....#..#
##uF##.##
#@##.#.#
#...#.###
..#..###
####... .#... #
..## ##. .#


You could see a green very ugly thing and a blink frog.

Vanquished Creatures
  Eustachio (D:5)
  2 ogres
  A scorpion (D:5)
  A jelly (D:5)
  An orc priest (D:5)
  6 hounds
  Terence (D:3)
  Robin (D:3)
  5 gnolls (D:5)
  4 adders
  3 worms
  2 dart slugs
  4 orcs (D:5)
  6 bats
  8 endoplasms
  3 giant cockroaches
  9 goblins
  9 hobgoblins
  5 jackals
  3 quokkas
  9 ball pythons
  2 frilled lizards
  12 kobolds
  6 rats
104 creatures vanquished.

Vanquished Creatures (collateral kills)
  An ogre (D:4)
  An orc (D:5)
  A jackal (D:4)
  A kobold (D:4)
4 creatures vanquished.

Vanquished Creatures (others)
  5 plants (D:1)
5 creatures vanquished.

Grand Total: 113 creatures vanquished

Notes
Turn   | Place    | Note
-------+----------+-------------------------------------------
     0 | D:1      | Gwenloh the Demonspawn Gladiator began the quest for the
                  | Orb.
     0 | D:1      | Reached XP level 1. HP: 16/16 MP: 1/1
    83 | D:1      | Gained mutation: Spells you cast may paralyse adjacent
                  | enemies. [demonic ancestry]
    83 | D:1      | Reached XP level 2. HP: 17/22 MP: 2/2
   593 | D:1      | Gained mutation: When seriously injured, your blood forms
                  | armour. (AC +9) [demonic ancestry]
   593 | D:1      | Reached XP level 3. HP: 28/28 MP: 3/3
  2072 | D:2      | Gained mutation: Your touch may inflict minor irresistible
                  | damage on your foes. [demonic ancestry]
  2072 | D:2      | Reached XP level 4. HP: 25/34 MP: 4/4
  2264 | D:2      | Learned a level 3 spell: Tukima's Dance
  2352 | D:2      | Upgraded the game from 0.29-a0-925-g0a7a3d12f8 to
                  | 0.29-a0-962-gc8bbfd0a37
  2440 | D:3      | Noticed Terence
  2450 | D:3      | Killed Terence
  2773 | D:3      | Noticed Robin
  2780 | D:3      | Killed Robin
  2785 | D:3      | Gained mutation: A weak demonic guardian rushes to your
                  | aid. [demonic ancestry]
  2785 | D:3      | Reached XP level 5. HP: 32/41 MP: 5/5
  3002 | D:3      | Found a faded altar of an unknown god.
  3730 | D:4      | Found Jumeu's Jewellery Shoppe.
  3795 | D:4      | Noticed an ogre
  3802 | D:4      | Killed an ogre
  3803 | D:4      | Reached skill level 1 in Armour
  3803 | D:4      | Reached skill level 1 in Spellcasting
  3803 | D:4      | Reached skill level 1 in Hexes
  3803 | D:4      | Gained mutation: When seriously injured, your blood forms
                  | thick armour. (AC +9) [demonic ancestry]
  3803 | D:4      | Reached XP level 6. HP: 20/47 MP: 7/7
  4023 | D:5      | Entered Level 5 of the Dungeon
  4099 | D:5      | Noticed Eustachio
  4123 | D:4      | Reached XP level 7. HP: 36/54 MP: 9/9
  4232 | D:5      | Killed Eustachio
  4654 | D:5      | Reached skill level 5 in Axes
  4663 | D:5      | Reached skill level 5 in Fighting
  4964 | Abyss:1  | Cast into level 1 of the Abyss (gnoll)
  5061 | Abyss:1  | Noticed a blink frog
  5091 | Abyss:1  | Noticed an orange demon
  5117 | Abyss:1  | Noticed a thrashing horror
  5118 | Abyss:1  | Noticed a blink frog
  5118 | Abyss:1  | Noticed a bone dragon
  5119 | Abyss:1  | Noticed a wraith
  5133 | Abyss:1  | Noticed an ancient zyme
  5143 | Abyss:1  | Noticed a green very ugly thing
  5162 | Abyss:1  | Slain by a green very ugly thing

Illustrated notes

Levels and vault maps discovered:
D:1:      dpeg_arrival_pond, layout_basic, serial_bayou, serial_bayou_lagoon_a,
          serial_bayou_crossing, serial_bayou_pond_d, serial_bayou_lagoon_b
D:2:      layout_loops_ring
D:3:      layout_basic, hellmonk_ecumenical_altar_lost_god, uniq_robin,
          uniq_terence
D:4:      layout_rooms, serial_shops, shop, minmay_misc_feat_encased
D:5:      layout_cave_pools, zin_scriptorium, minmay_temple_entry_nine_rooms,
          serial_gnoll_camp, gnoll_camp_mini_hut, gnoll_camp_mini_loothouse,
          gnoll_camp_medium_02, gnoll_camp_mini_basic, gnoll_camp_mini_doghouse,
          uniq_eustachio, uniq_duvessa
Abyss:1:  base: D:3, minivault_13, minivault_13

Skill      XL: |  1  2  3  4  5  6  7 |
---------------+----------------------+-----
Throwing       | 2 |  2.5
Axes           | 3 4 5 |  5.1
Dodging        | 3 |  3.5
Fighting       | 3 4 5 |  5.0
Armour         | 1 2 |  2.2
Spellcasting   | 1 2 |  2.3
Hexes          | 1 2 |  2.5

Action                   |  1- 3 |  4- 6 |  7- 9 || total
-------------------------+-------+-------+-------++-------
Melee: War axe           |   144 |    76 |    65 ||   285
       Punch             |     1 |     2 |     2 ||     5
       Touch             |       |    14 |    12 ||    26
Throw: Stone             |     1 |    14 |       ||    15
       Boomerang         |       |    21 |     7 ||    28
 Cast: Tukima's Dance    |       |       |     3 ||     3
Evoke: Wand              |       |       |     1 ||     1
 Stab: Sleeping          |     1 |       |       ||     1
Armor: Leather armour    |    35 |     8 |       ||    43
       Ring mail         |       |    11 |    37 ||    48
Dodge: Dodged            |   127 |    49 |    90 ||   266

Table legend: (Time is in decaauts)
 A = Elapsed time spent in this place.
 B = Non-inter-level travel time spent in this place.
 C = Inter-level travel time spent in this place.
 D = Time resting spent in this place.
 E = Time spent auto-exploring this place.
 F = Levels seen in this place.
 G = Mean time per level.
                   A        B        C        D        E       F      G
               +--------+--------+--------+--------+--------+-----+--------+
         Total |   5284 |   5147 |    137 |    137 |   3967 |   6 |  880.7 |
       Dungeon |   5086 |   4949 |    137 |     10 |   3967 |   5 | 1017.2 |
         Abyss |    197 |    197 |      0 |    127 |      0 |   1 |  197.0 |
               +--------+--------+--------+--------+--------+-----+--------+

Top non-repeatable levels by time:
     D:2: 1287 daAuts
     D:1: 1139 daAuts
     D:3: 1006 daAuts
     D:5: 862 daAuts
     D:4: 791 daAuts
 Abyss:1: 197 daAuts
